 Dungeon Crawl Stone Soup version 0.18-b1-16-g289874d (webtiles) character file.

110 Sinerlol the Covered (level 4, 0/40 HPs)
             Began as a Minotaur Fighter on May 1, 2016.
             Slain by an orc priest
             ... wielding a +0 short sword
              (3 damage)
             ... on level 3 of the Dungeon.
             The game lasted 00:05:58 (1589 turns).

Sinerlol the Covered (Minotaur Fighter)             Turns: 1589, Time: 00:05:59

Health: 0/40       AC:  9    Str: 26    XL:     4   Next: 61%
Magic:  3/3        EV: 13    Int:  5    God:
Gold:   116        SH: 10    Dex: 15    Spells: 0 memorised, 3 levels left

rFire  . . .     SeeInvis +     g - +0 short sword (speed)
rCold  . . .     Gourm    .     b - +0 scale mail
rNeg   . . .     Faith    .     c - +0 shield
rPois  .         Spirit   .     (helmet restricted)
rElec  .         Dismiss  .     i - +1 cloak
rCorr  .         Reflect  .     (no gloves)
SustAt .         Harm     .     (no boots)
MR     .....                    (no amulet)
Stlth  +.........               (no ring)
                                h - ring of see invisible

@: mighty, agile, not resistant to hostile enchantments, very unstealthy
A: retaliatory headbutt, horns 2
a: no special abilities


You were on level 3 of the Dungeon.
You were very full.

You visited 1 branch of the dungeon, and saw 3 of its levels.

You collected 116 gold pieces.

Inventory:

Hand Weapons
 g - a +0 short sword of speed (weapon)
Missiles
 k - 32 stones (quivered)
Armour
 b - a +0 scale mail (worn)
 c - a +0 shield (worn)
 i - a +1 cloak (worn)
Jewellery
 h - a ring of see invisible (left hand)
Scrolls
 a - 2 scrolls of remove curse {unknown}
 e - 2 scrolls of identify
Comestibles
 f - a bread ration
 j - 3 fruits


   Skills:
 + Level 4.3 Fighting
   Level 2.5 Long Blades
 + Level 4.8 Armour
 + Level 1.2 Dodging
 + Level 0.1 Stealth
 + Level 4.7 Shields


You had 3 spell levels left.
You didn't know any spells.

Dungeon Overview and Level Annotations

Branches:
Dungeon (3/15)

Altars:


Innate Abilities, Weirdness & Mutations

You reflexively headbutt those who attack you in melee.
You have a pair of horns on your head.


Message History

The orc is heavily wounded.
The orc priest mumbles some strange prayers to Beogh against you.
Pain shoots through your body! The adder closely misses you.
You hit the orc. You headbutt the orc.
You kill the orc!
The adder bites you but does no damage.
The orc priest mumbles some strange prayers to Beogh against you.
Pain shoots through your body!
* * * LOW HITPOINT WARNING * * *
You are too injured to fight recklessly!
It was a potion of agility.
You feel agile all of a sudden. The adder closely misses you.
The orc priest barely misses you. You furiously retaliate!
You headbutt the orc priest!
You feel very mighty all of a sudden. The adder bites you but does no damage.
The hobgoblin closely misses you. You furiously retaliate!
You headbutt the hobgoblin!
You kill the hobgoblin!
The orc priest hits you with a short sword.
You die...

### # #.. #.$ #.#
#...######.# ......).##.#
......o@...# ....>.S)#..#
#..>#####..# # #..
#..#######.# #...
#..........# ...
#.####..##... #.# #.####..#
###.######....(..#
######............###......


You could see an orc priest and an adder.

Vanquished Creatures
  An orc wizard (D:3)
  4 adders
  An ooze (D:2)
  2 giant geckos (D:2)
  2 orcs (D:3)
  7 bats
  2 giant cockroaches (D:1)
  4 goblins
  7 hobgoblins
  3 kobolds
  A giant newt (D:1)
  2 rats (D:1)
36 creatures vanquished.

Notes
Turn   | Place    | Note
--------------------------------------------------------------
     0 | D:1      | Sinerlol the Minotaur Fighter began the quest for the Orb.
     0 | D:1      | Reached XP level 1. HP: 19/19 MP: 0/0
   170 | D:1      | Reached XP level 2. HP: 23/27 MP: 1/1
   774 | D:2      | Reached XP level 3. HP: 33/33 MP: 2/2
  1554 | D:3      | Reached XP level 4. HP: 30/40 MP: 3/3
  1584 | D:3      | Reached skill level 1 in Dodging
  1589 | D:3      | Slain by an orc priest

Skill      XL: |  1  2  3  4 |
---------------+-------------+-----
Fighting       | 4 |  4.3
Armour         | 4 |  4.8
Shields        | 4 |  4.7
Dodging        | 1 |  1.2
Long Blades    | |  2.5
Stealth        | |  0.1

Action                   |  1- 3 |  4- 6 || total
-------------------------+-------+-------++-------
Melee: Long sword        |    60 |       ||    60
       Headbutt          |    12 |     4 ||    16
       Short sword       |    63 |     9 ||    72
  Use: Scroll            |     4 |       ||     4
       Potion            |     1 |     2 ||     3
  Eat: Bread ration      |     2 |       ||     2
       Chunk             |     1 |       ||     1
Armor: Scale mail        |    58 |     5 ||    63
Dodge: Dodged            |    28 |     6 ||    34
Block: Shield            |    65 |     2 ||    67
